 Dungeon Crawl Stone Soup version 0.25-a0-42-g6c54e25894 (console) character file.

Game seed: 5098496785959165265, levelgen mode: deterministic

95 AlterAsc the Firebug (level 4, -8/33 HPs)
             Began as a Draconian Fire Elementalist on Oct 23, 2019.
             Mangled by a gnoll
             ... wielding a +0 halberd
              (16 damage)
             ... on level 2 of the Dungeon.
             The game lasted 00:18:46 (2529 turns).

AlterAsc the Firebug (Draconian Fire Elementalist)  Turns: 2529, Time: 00:18:49

Health: -8/33      AC:  5    Str: 11    XL:     4   Next: 39%
Magic:  8/8        EV: 12    Int: 16    God:
Gold:   83         SH:  0    Dex: 11    Spells: 6/9 levels left

rFire    . . .     SeeInvis .   m - +2 dagger (freeze)
rCold    . . .     Gourm    .   (no shield)
rNeg     . . .     Faith    .   (armour unavailable)
rPois    .         Spirit   .   (helmet restricted)
rElec    .         Reflect  .   (no cloak)
rCorr    .         Harm     .   (no gloves)
MR       .....                  (no boots)
Stlth    ++........             (no amulet)
HPRegen  0.11/turn              (no ring)
MPRegen  0.11/turn              (no ring)

@: no status effects
A: unfitting armour, cold-blooded, AC +5
a: no special abilities


You were on level 2 of the Dungeon.
You were not hungry.

You visited 1 branch of the dungeon, and saw 3 of its levels.

You collected 83 gold pieces.

Inventory:

Hand Weapons
 b - a +0 club
 g - a +0 spear
 l - a +0 dagger
 m - a +2 dagger of freezing (weapon)
 t - a +0 hunting sling
 v - a +3 flail
Missiles
 d - 17 arrows
 f - 21 bolts
 i - 10 poisoned darts (quivered)
 q - a throwing net
 u - 13 sling bullets
Armour
 k - a cursed +0 robe
 o - a +0 animal skin
 p - a +0 helmet
Scrolls
 c - 2 scrolls of immolation {unknown}
 h - a scroll of noise {unknown}
 n - a scroll of remove curse {unknown}
 r - a scroll of random uselessness {unknown}
Potions
 a - a potion of degeneration {unknown}
 e - a potion of heal wounds {unknown}
 j - a potion of haste {unknown}
 s - a potion of curing {unknown}


   Skills:
 + Level 0.1 Fighting
 + Level 0.6 Short Blades
 + Level 2.2 Dodging
 + Level 2.1 Stealth
 + Level 3.0 Spellcasting
 + Level 1.4 Conjurations
 + Level 3.8 Fire Magic


You had 6 spell levels left.
You knew the following spells:

 Your Spells              Type           Power        Failure   Level  Hunger
a - Flame Tongue          Conj/Fire      ##...        6%          1    #......
b - Throw Flame           Conj/Fire      ##....       10%         2    ##.....

Your spell library contained the following spells:

 Spells                   Type           Power        Failure   Level  Hunger
 Conjure Flame            Conj/Fire      ##......     19%         3    ###....
 Inner Flame              Hex/Fire       #.......     26%         3    ###....
 Sticky Flame             Conj/Fire      ##......     54%         4    #####..
 Fireball                 Conj/Fire      ##........   87%         5    ######.


Dungeon Overview and Level Annotations

Branches:
Dungeon (3/15)

Altars:
Dithmenos

Annotations:
D:2 Sigmund


Innate Abilities, Weirdness & Mutations

Your plain brown scales are hard. (AC +5)
You cannot fit into any form of body armour.
You are cold-blooded and may be slowed by cold attacks.


Message History

Confirm with . or Enter, or press ? or * to list all spells.
You can't see any susceptible monsters within range! (Use Z to cast anyway.) Unknown command.
The orc priest mumbles some strange prayers to Beogh against you.
Beogh smites you!
The orc throws a boomerang.
The boomerang hits you!
The weapon returns to the orc!
The orc throws a boomerang.
The boomerang closely misses you.
The weapon returns to the orc!
You see here a scale mail.
You see here a rat skeleton.
The adder closely misses you.
There is a stone staircase leading up here.
The adder barely misses you.
You climb upwards.
Level annotation: Sigmund The gnoll hits you with a +0 club.
* * * LOW HITPOINT WARNING * * *
The worm closely misses you.
The gnoll hits you from afar with a +0 halberd!
You die...

.....# #....#.#
####w##.#.#.
####...........
.>....(g.....## #
####.##†##.####.#
... #.##.#... ###
#g##w#.#
######.#S@g.#
........g....#
.######.#.[..#
#.##.#.#
#.##.#...
#.##.##### #
#.##...# #.
#.##...###
#.######........#


You could see a worm, 2 gnolls and an adder.

Vanquished Creatures
  Robin (D:2)
  2 gnolls
  3 adders (D:2)
  A worm (D:2)
  4 bats
  2 giant cockroaches
  10 goblins
  7 hobgoblins
  A quokka (D:2)
  A kobold (D:1)
  3 rats
35 creatures vanquished.

Notes
Turn   | Place    | Note
-------+----------+-------------------------------------------
     0 | D:1      | AlterAsc the Draconian Fire Elementalist began the quest
                  | for the Orb.
     0 | D:1      | Reached XP level 1. HP: 14/14 MP: 3/3
   374 | D:1      | Reached XP level 2. HP: 7/20 MP: 0/5
  1004 | D:2      | Found a shadowy altar of Dithmenos.
  1058 | D:2      | Reached XP level 3. HP: 5/26 MP: 0/6
  1425 | D:2      | Noticed Robin
  1608 | D:2      | Learned a level 2 spell: Throw Flame
  1953 | D:2      | Killed Robin
  2056 | D:2      | Reached XP level 4. HP: 33/33 MP: 2/8
  2239 | D:2      | Noticed Sigmund
  2529 | D:2      | Mangled by a gnoll

Levels and vault maps discovered:
D:1:      evilmike_arrival_rings, layout_loops_ring
D:2:      layout_loops_ring, old_standard_altar, first_ration, uniq_sigmund,
          uniq_robin
D:3:      layout_basic, grunt_temple_overflow_order_and_chaos_2

Skill      XL: |  1  2  3  4 |
---------------+-------------+-----
Dodging        | 2 |  2.2
Stealth        | 2 |  2.1
Spellcasting   | 3 |  3.0
Fighting       | |  0.1
Short Blades   | |  0.6
Conjurations   | |  1.4
Fire Magic     | |  3.8

Action                   |  1- 3 |  4- 6 || total
-------------------------+-------+-------++-------
Melee: Dagger            |     3 |     1 ||     4
 Cast: Flame Tongue      |    64 |    10 ||    74
       Throw Flame       |       |     4 ||     4
  Eat: Ration            |     1 |       ||     1
       Chunk             |       |     3 ||     3
Armor: Skin              |    15 |     1 ||    16
Dodge: Dodged            |    44 |     7 ||    51

Table legend:
 A = Non-vault XP
 B = Vault XP
 C = Vault XP percentage of total XP
 D = Non-vault monster count
 E = Vault monster count
 F = Vault count percentage of total count
                 A         B        C        D         E       F
            +---------+---------+-------+---------+---------+-------
      Total |     106 |      30 |  22.1 |      26 |       9 |  25.7
            +---------+---------+-------+---------+---------+-------
        D:1 |      33 |       9 |  21.4 |      12 |       5 |  29.4
        D:2 |      56 |      21 |  27.3 |      11 |       4 |  26.7
        D:3 |      17 |       0 |   0.0 |       3 |       0 |   0.0
            +---------+---------+-------+---------+---------+-------
